 Dungeon Crawl Stone Soup version 0.17-a0-1479-g4041c36 (webtiles) character file.

23 patman the Chiller (level 2, 10/17 HPs)
             Began as an Octopode Ice Elementalist on July 2, 2015.
             Quit the game on level 1 of the Dungeon on July 3, 2015.
             The game lasted 00:02:49 (793 turns).

patman the Chiller (Octopode Ice Elementalist)       Turns: 793, Time: 00:02:49

Health: 10/17      AC:  1    Str:  7    XL:     2   Next: 95%
Magic:  5/5        EV: 12    Int: 17    God:
Gold:   45         SH:  0    Dex: 12    Spells: 1 memorised, 4 levels left

rFire  . . .     SeeInvis .     h - +0 dagger
rCold  . . .     Clarity  .     (no shield)
rNeg   . . .     SustAt   .     (helmet restricted)
rPois  .         Gourm    .     (no amulet)
rElec  .         Spirit   .     (no ring)
rCorr  .         Warding  .     (no ring)
rMut   .         Stasis   .     (no ring)
MR     .....                    (no ring)
Stlth  +++.......               (no ring)
                                (no ring)
                                (no ring)
                                (no ring)

@: not resistant to hostile enchantments, fairly stealthy
A: almost no armour, amphibious, 8 rings, constrict 8, camouflage 1, gelatinous
body 1
a: no special abilities


You were on level 1 of the Dungeon.
You were not hungry.

You visited 1 branch of the dungeon, and saw 1 of its levels.

You collected 45 gold pieces.

Inventory:

Hand weapons
 e - a +0 hand axe
 h - a +0 dagger (weapon)
Missiles
 g - 50 stones (quivered)
Scrolls
 c - a scroll of magic mapping {unknown}
 i - a scroll of enchant weapon {unknown}
 j - a scroll of enchant armour {unknown}
Potions
 d - 2 potions of curing {unknown}
 k - a potion of cancellation {unknown}
Books
 a - a book of Frost

   Spells                             Type                      Level
   a - Freeze                         Ice                          1
   b - Throw Frost                    Conjuration/Ice              2
   c - Ozocubu's Armour               Charms/Ice                   3
   d - Throw Icicle                   Conjuration/Ice              4
   e - Summon Ice Beast               Ice/Summoning                4
   f - Condensation Shield            Ice                          4
Comestibles
 b - a bread ration
 f - a chunk of flesh


   Skills:
 - Level 2.0 Dodging
 - Level 2.6 Stealth
 - Level 2.0 Spellcasting
   Level 1.0 Conjurations
 + Level 4.0 Ice Magic


You had 4 spell levels left.
You knew the following spells:

 Your Spells              Type           Power        Failure   Level  Hunger
a - Freeze                Ice            ###.         3%          1    #......


Dungeon Overview and Level Annotations

Branches:
Dungeon (1/15)

Altars:


Innate Abilities, Weirdness & Mutations

You cannot wear most types of armour.
You are amphibious.
You can wear up to eight rings at the same time.
You can use your tentacles to constrict eight enemies at once.
Your skin changes colour to match your surroundings (Stealth).
Your rubbery body absorbs attacks (AC +1).


Message History

A giant newt comes into view.
The bat hits you but does no damage. The bat closely misses you.
The bat barely misses you.
Found a scroll labeled YPSIFY SUXTIJ.
You closely miss the bat. Your grab misses the bat. The bat hits you.
The bat misses you.
You hit the bat. Your grab misses the bat. Your squeeze misses the bat.
The bat is heavily wounded.
The bat closely misses you. The bat misses you.
You hit the bat.
You kill the bat!
The giant newt bites you.
You closely miss the giant newt. Your grab misses the giant newt.
You squeeze the giant newt.
You kill the giant newt!
No target in view!
Welcome back, patman the Octopode Ice Elementalist.
Press ? for a list of commands and other information.
Are you sure you want to abandon this character and quit the game? (Confirm with "yes".)

.# ### .###### ..#
.#....# #.## >..##.#
... #
......######.###.# .#
.............#...##.##
.#.#.######..#.......#
.....#.......#.#.....#
##.#....)....#.#@###.#
##.#.#...#.#.#.#†..#
##.#.#.###.#.#.#.###
..#.#####.#.#.#.#
###.........#.#.#
#######.....#?.
#########


There were no monsters in sight!

Vanquished Creatures
  5 bats (D:1)
  A giant cockroach (D:1)
  A goblin (D:1)
  4 hobgoblins (D:1)
  4 kobolds (D:1)
  3 giant newts (D:1)
  3 rats (D:1)
21 creatures vanquished.

Notes
Turn   | Place    | Note
--------------------------------------------------------------
     0 | D:1      | patman the Octopode Ice Elementalist began the quest for the Orb.
     0 | D:1      | Reached XP level 1. HP: 11/11 MP: 3/3
   126 | D:1      | Reached XP level 2. HP: 4/17 MP: 3/5
   750 | D:1      | Reached skill level 4 in Ice Magic
   793 | D:1      | Upgraded the game from 0.17-a0-1475-g9f81d98 to 0.17-a0-1479-g4041c36
   793 | D:1      | Quit the game

Vault maps used:
D:1:      dpeg_arrival_chambers_temple_mockup

Action                   || total
-------------------------++-------
Melee: Unarmed           ||    38
       Dagger            ||    15
 Cast: Freeze            ||     3
 Stab: Sleeping          ||     4
       Distracted        ||     2
